 Dungeon Crawl Stone Soup version 0.32-a0-607-g64ea0e4219 (webtiles) character file.

Game seed: 13536780796386273748

667 garrulousMonolith the Chopper (level 7, -1/60 HPs)
             Began as a Mountain Dwarf Fighter on Feb 24, 2024.
             Was a Follower of Beogh.
             Slain by an orc warrior
             ... wielding a +0 mace
              (3 damage)
             ... on level 6 of the Dungeon on Mar 3, 2024.
             The game lasted 00:05:19 (4941 turns).

garrulousMonolith the Chopper (MDFi)                Turns: 4941, Time: 00:05:20

Health: -1/60      AC: 14    Str: 18    XL:     7   Next: 31%
Magic:  9/9        EV:  7    Int: 11    God:    Beogh [*.....]
Gold:   171        SH:  4    Dex:  9    Spells: 6/6 levels left

rFire   . . .        a - +0 war axe
rCold   . . .        c - +0 buckler
rNeg    . . .        t - +0 chain mail
rPois   .            v - +1 helmet
rElec   .            x - +0 cloak
rCorr   .            y - +0 pair of gloves
SInv    +            (no boots)
Will    +....        (no amulet) Stlth
                     p - ring of willpower
HPRegen 0.30/turn    q - ring of see invisible
MPRegen 0.11/turn

%: no passive effects
@: no status effects
A: runic magic, artefact enchanting
a: Renounce Religion


You were on level 6 of the Dungeon.
You worshipped Beogh.
Beogh was aware of your devotion.
You visited 1 branch of the dungeon, and saw 6 of its levels.

You collected 285 gold pieces.
You spent 114 gold pieces at shops.

Inventory:

Hand Weapons
 a - a +0 war axe (weapon)
Missiles
 h - 2 curare-tipped darts (quivered)
 r - 2 poisoned darts
Armour
 c - a +0 buckler (worn)
 t - a +0 chain mail (worn)
 v - a +1 helmet (worn)
 x - a +0 cloak (worn)
 y - a +0 pair of gloves (worn)
Jewellery
 p - a ring of willpower (left hand)
 q - a ring of see invisible (right hand)
 s - a ring of flight
Scrolls
 g - a scroll of enchant armour
 i - a scroll of teleportation
 j - a scroll of poison {unknown}
 l - a scroll of fear
 w - a scroll of torment
 A - a scroll of fog {unknown}
 C - a scroll of amnesia {unknown}
Potions
 b - a potion of magic {unknown}
 d - 2 potions of might
 e - a potion of haste
 f - a potion of curing
 k - 2 potions of attraction {unknown}
 m - 2 potions of lignification {unknown}
 n - 3 potions of mutation {unknown}
 o - a potion of cancellation {unknown}
 u - a potion of heal wounds
 z - a potion of brilliance {unknown}
 B - a potion of enlightenment {unknown}


   Skills:
 + Level 4.9 Fighting
 * Level 6.1 Axes
 + Level 4.8 Armour
 + Level 4.7 Shields
 + Level 3.8 Invocations


You had 6 spell levels left.
You didn't know any spells.
Your spell library contained the following spells:

 Spells                   Type           Power      Damage    Failure   Level
 Freeze                   Ice            0%         1d3       58%         1
 Slow                     Hex            0%         N/A       58%         1
 Confusing Touch          Hex            0%         N/A       92%         3
 Frozen Ramparts          Ice            0%         1d1       92%         3
 Hailstorm                Conj/Ice       0%         3d5       92%         3
 Sigil of Binding         Hex            0%         N/A       92%         3
 Vampiric Draining        Necr           0%         2d6       92%         3


Dungeon Overview and Level Annotations

Branches:
Dungeon (6/15)
 Temple: D:4-7

Altars:
Xom

Shops:
D:4 [   D:5 *!


Innate Abilities, Weirdness & Mutations

Your spellcasting is much less encumbered by armour.
You can use scrolls of enchantment on lesser artefacts.


Message History

You closely miss the orc.
The orc is heavily wounded.
The orc hits you but does no damage.
You closely miss the orc.
The orc is heavily wounded.
The orc closely misses you.
You slash the orc!
You kill the orc!
Beogh accepts your kill.
The orc warrior shoots a bolt.
The bolt hits you.
The orc warrior unwields a +0 arbalest.
The orc warrior wields a +0 mace.
The orc warrior barely misses you.
There is an open door, spattered with blood here.
Items here: (( )) [.
You hit the orc warrior.
The orc warrior is lightly wounded.
The orc warrior hits you with a +0 mace.
An orc comes into view. It is wielding a +0 dagger.
You hit the orc warrior but do no damage.
The orc warrior is lightly wounded.
You hit the orc but do no damage. You block the orc warrior's attack.
The orc hits you but does no damage.
You hit the orc warrior but do no damage.
The orc warrior is lightly wounded.
You closely miss the orc. You block the orc warrior's attack.
The orc hits you but does no damage.
The orc warrior hits you with a +0 mace!
You hit the orc warrior but do no damage.
The orc warrior is lightly wounded.
You barely miss the orc. The orc hits you with a +0 dagger.
* * * LOW HITPOINT WARNING * * *
The orc warrior hits you with a +0 mace!
* * * LOW HITPOINT WARNING * * *
You slash the orc warrior!
The orc warrior is moderately wounded.
You barely miss the orc. The orc hits you with a +0 dagger.
* * * LOW HITPOINT WARNING * * *
The orc warrior hits you with a +0 mace.
You die...
Beogh appreciates the orc warrior's killing of a heretic priest.

#............#<...
#............#..##
#............+...#
#............#...#
########...#.....#
########.#.#.....#
#........#.......#
#.########.......#
#####@#.o....#.#.#...#
#....oo# #>#.....#
#.....(# #.#####..
.........# #.# #.#
###......' #.# #.#
######### ### ##.#
#..# #### #


You could see an orc warrior and an orc.

Vanquished Creatures
  A water moccasin (D:6)
  A centaur (D:5)
  A hound (D:5)
  A jelly (D:5)
  Crazy Yiuf (D:4)
  2 orc priests
  An iguana (D:5)
  A sleepcap (D:4)
  An orc wizard (D:4)
  Natasha (thrice) (D:3)
  4 gnolls (D:5)
  6 adders
  A shadow imp (D:6)
  A ribbon worm (D:3)
  7 orcs
  11 ball pythons
  4 bats
  12 endoplasms
  5 goblins
  5 hobgoblins
  3 quokkas
  5 frilled lizards
  2 kobolds
  6 rats
85 creatures vanquished.

Vanquished Creatures (others)
  An endoplasm (D:4)
1 creature vanquished.

Grand Total: 86 creatures vanquished

Notes
Turn   | Place    | Note
-------+----------+-------------------------------------------
     0 | D:1      | garrulousMonolith the Mountain Dwarf Fighter began the
                  | quest for the Orb.
     0 | D:1      | Reached XP level 1. HP: 19/19 MP: 1/1
     0 | D:1      | Upgraded the game from 0.32-a0-468-g38b2580584 to
                  | 0.32-a0-607-g64ea0e4219
   173 | D:1      | Reached XP level 2. HP: 26/26 MP: 2/2
   277 | D:1      | Reached skill level 3 in Axes
   505 | D:1      | Reached skill level 1 in Invocations
   992 | D:2      | Reached XP level 3. HP: 31/31 MP: 3/3
  1099 | D:2      | Found a faded altar of an unknown god.
  1402 | D:2      | Reached XP level 4. HP: 27/40 MP: 5/5
  1730 | D:2      | You fall into a shaft and drop 2 floors!
  1837 | D:4      | Became a worshipper of Beogh the Shepherd
  1854 | D:4      | Found a runed translucent door.
  1855 | D:4      | Noticed Crazy Yiuf
  1960 | D:3      | Reached skill level 4 in Axes
  2053 | D:3      | Noticed Natasha
  2071 | D:3      | Killed Natasha
  2290 | D:3      | Noticed Natasha
  2297 | D:3      | Killed Natasha
  2298 | D:3      | Reached XP level 5. HP: 22/46 MP: 6/6
  2471 | D:3      | Noticed Natasha
  2475 | D:3      | Killed Natasha
  2899 | D:4      | Found a shimmering altar of Xom.
  3058 | D:4      | Found Diocaiv's Armour Boutique.
  3074 | D:4      | Bought a +0 helmet for 49 gold pieces
  3115 | D:4      | Reached XP level 6. HP: 49/52 MP: 6/8
  3587 | D:4      | Killed Crazy Yiuf
  3588 | D:4      | Reached skill level 5 in Axes
  3674 | D:5      | Entered Level 5 of the Dungeon
  3674 | D:5      | Found Watug's Mass Market.
  3824 | D:5      | Found Duhoim's Distillery.
  3832 | D:5      | Bought a potion of heal wounds for 65 gold pieces
  4443 | D:5      | Reached XP level 7. HP: 60/60 MP: 9/9
  4722 | D:6      | Reached skill level 6 in Axes
  4931 | D:6      | Reached * piety under Beogh
  4941 | D:6      | HP: 2/60 [orc/+0 dagger (3)]
  4941 | D:6      | Slain by an orc warrior

Illustrated notes

Levels and vault maps discovered:
D:1:      mushboom_english_gardens, layout_basic, chequers_avenue
D:2:      layout_basic, hellmonk_ecumenical_altar_arch_garden
D:3:      layout_loops_ring, hex_medium, uniq_natasha
D:4:      layout_basic, lemuel_tele_altar, serial_shops, shop,
          minmay_misc_feat_encased, uniq_crazy_yiuf_cottage
D:5:      layout_basic, serial_shops, shop, minmay_misc_feat_four_crosses,
          minivault_1, minmay_shop_mass
D:6:      layout_basic, nicolae_zen_rock_garden, uniq_blork_the_orc

Skill      XL: |  1  2  3  4  5  6  7 |
---------------+----------------------+-----
Axes           | 3 4 5 6 |  6.1
Invocations    | 1 2 3 |  3.8
Fighting       | 4 |  4.9
Shields        | 4 |  4.7
Armour         | 4 |  4.8

Action                     |  1- 3 |  4- 6 |  7- 9 || total
---------------------------+-------+-------+-------++-------
  Melee: War axe           |   116 |   144 |    34 ||   294
  Throw: Dart              |       |     3 |     2 ||     5
 Invoke: Convert to Beogh  |       |     1 |       ||     1
    Use: Potion            |       |     3 |     1 ||     4
         Scroll            |       |       |     4 ||     4
 Armour: Scale mail        |    92 |    64 |       ||   156
         Chain mail        |       |    74 |    38 ||   112
  Dodge: Dodged            |    61 |    68 |    14 ||   143
  Block: Buckler           |    25 |    55 |     8 ||    88

Table legend: (Time is in decaauts)
 A = Elapsed time spent in this place.
 B = Non-inter-level travel time spent in this place.
 C = Inter-level travel time spent in this place.
 D = Time resting spent in this place.
 E = Time spent auto-exploring this place.
 F = Levels seen in this place.
 G = Mean time per level.
                   A        B        C        D        E       F      G
               +--------+--------+--------+--------+--------+-----+--------+
         Total |   5021 |   4845 |    176 |    692 |   3343 |   6 |  836.8 |
       Dungeon |   5021 |   4845 |    176 |    692 |   3343 |   6 |  836.8 |
               +--------+--------+--------+--------+--------+-----+--------+

Top non-repeatable levels by time:
     D:4: 1077 daAuts
     D:1: 1035 daAuts
     D:5: 1020 daAuts
     D:2: 921 daAuts
     D:3: 700 daAuts
     D:6: 265 daAuts
